 Dungeon Crawl Stone Soup version 0.22-a0-412-g2b68d14 (webtiles) character file.

80 Borgoz the Skirmisher (level 4, -1/29 HPs)
             Began as a Gargoyle Abyssal Knight on May 12, 2018.
             Was a Follower of Lugonu.
             Slain by an orange demon (8 damage)
             ... on level 2 of the Abyss.
             The game lasted 00:00:50 (45 turns).

Borgoz the Skirmisher (Gargoyle Abyssal Knight)       Turns: 45, Time: 00:00:51

Health: -1/29      AC:  6    Str: 17    XL:     4   Next: 39%
Magic:  2/5        EV: 10    Int: 13    God:    Lugonu [*.....]
Gold:   0          SH:  8    Dex: 10    Spells: 3/3 levels left

rFire    + . .     SeeInvis .   a - +1 hand axe
rCold    . . .     Gourm    .   d - +5 buckler "Dom Ineth" {-Cast rF+ Str+2 Slay+5}
rNeg     + . .     Faith    .   b - +0 leather armour
rPois    ∞         Spirit   .   (no helmet)
rElec    +         Reflect  .   (no cloak)
rCorr    .         Harm     .   (no gloves)
MR       .....     NoCast   +   (no boots)
Stlth    +.........             (no amulet)
HPRegen  0.09/turn              (no ring)
MPRegen  0.09/turn              (no ring)

@: weakened
A: negative energy resistance 1, electricity resistance, unbreathing,
petrification resistance, rot immunity, AC +3
a: Depart the Abyss, Renounce Religion


You were on level 2 of the Abyss.
You worshipped Lugonu.
Lugonu was aware of your devotion.
You were not hungry.

You visited 0 branches of the dungeon, and saw 0 of its levels.
You visited the Abyss 1 time.

Inventory:

Hand Weapons
 a - a +1 hand axe (weapon)
Armour
 b - a +0 leather armour (worn)
 d - the +5 buckler "Dom Ineth" (worn) {-Cast rF+ Str+2 Slay+5}
   (You found it on level 2 of the Abyss)

   It affects your strength (+2).
   It affects your accuracy and damage with ranged weapons and melee attacks
   (+5).
   It protects you from fire.
   It prevents spellcasting.
Comestibles
 c - a ration


   Skills:
 + Level 3.7 Fighting
 * Level 2.7 Axes
 + Level 2.8 Armour
 + Level 1.4 Dodging
 + Level 0.0 Shields
 + Level 2.6 Invocations


You had 3 spell levels left.
You didn't know any spells.
Your spell library was empty.

Dungeon Overview and Level Annotations

Branches:
Dungeon (0/15)

Altars:


Innate Abilities, Weirdness & Mutations

You are resistant to torment.
Your stone body is resilient. (AC +3)
You are immune to poison.
You resist negative energy. (rN+)
You are resistant to electric shocks. (rElec)
You can survive without breathing.
You are immune to petrification.
You are immune to rotting.


Message History

An orange demon comes into view.
The orange demon screeches!
The orange demon stings you from afar! The orange demon stings you!
The orange demon hits you but does no damage.
You hit the orange demon.
The orange demon is lightly wounded.
The orange demon stings you but does no damage.
The orange demon hits you.
You slash the orange demon!
The orange demon is moderately wounded.
The orange demon barely misses you. The orange demon hits you.
You feel your attacks grow feeble.
You hit the orange demon.
The orange demon is moderately wounded.
The orange demon barely misses you. The orange demon hits you.
* * * LOW HITPOINT WARNING * * *
You feel as though you will be weak longer.
The orange demon stings you!
You die...

# ## #. ###
.##. ..# ## #..
.##.. ..
.##...#.# ##
##. #.4...#..
#..##.@## .#.
#.#.###...#...
.#.#∩..........
#....#
....###.#
#.#.##.##....#
# # #...#.....#
## ##.##....##
#.# ##.... #.#
##..


You could see an orange demon.

Vanquished Creatures
  An eye of draining (Abyss:2)
1 creature vanquished.

Notes
Turn   | Place    | Note
-------+----------+-------------------------------------------
     0 | Abyss:1  | Borgoz the Gargoyle Abyssal Knight began the quest for the Orb.
     0 | Abyss:1  | Reached XP level 1. HP: 14/14 MP: 2/2
    23 | Abyss:2  | Got a pitted buckler
    26 | Abyss:2  | Noticed an eye of draining
    29 | Abyss:2  | Identified the +5 buckler "Dom Ineth" {-Cast rF+ Str+2 Slay+5} (You found it on level 2 of the Abyss)
    37 | Abyss:2  | Killed an eye of draining
    37 | Abyss:2  | Reached skill level 1 in Dodging
    37 | Abyss:2  | Reached XP level 2. HP: 20/20 MP: 1/3
    37 | Abyss:2  | Reached XP level 3. HP: 24/24 MP: 1/4
    37 | Abyss:2  | Reached XP level 4. HP: 29/29 MP: 1/5
    40 | Abyss:2  | Noticed an orange demon
    45 | Abyss:2  | Slain by an orange demon

Vault maps used:

Skill      XL: |  1 |
---------------+----+-----
Axes           | 2 |  2.7
Dodging        | 1 |  1.4
Fighting       | |  3.7
Armour         | |  2.8
Invocations    | |  2.6

Action                   |  1- 3 |  4- 6 || total
-------------------------+-------+-------++-------
Melee: Hand axe          |     6 |     3 ||     9
Armor: Leather armour    |       |     2 ||     2
Dodge: Dodged            |       |     2 ||     2

Table legend:
 A = Spawn XP
 B = Non-spawn XP
 C = Spawn XP percentage of total XP
 D = Spawn monster count
 E = Non-spawn monster count
 F = Spawn count percentage of total count
 G = Total turns spent on level
                    A         B        C        D         E        F      G
               +---------+---------+-------+---------+---------+-------+---------
         Total |     115 |       0 | 100.0 |       1 |       0 | 100.0 |    45
               +---------+---------+-------+---------+---------+-------+---------
       Abyss:2 |     115 |       0 | 100.0 |       1 |       0 | 100.0 |    28
               +---------+---------+-------+---------+---------+-------+---------
